 Dungeon Crawl Stone Soup version 0.28-a0-537-g3bccd9ccbf (webtiles) character file.

Game seed: 1743673088548077664

120 runemasterragnar the Magician (level 5, -2/38 HPs)
             Began as a Djinni Conjurer on Sept 28, 2021.
             Was a Follower of Zin.
             Slain by an orc priest (3 damage)
             ... on level 3 of the Dungeon.
             The game lasted 00:03:47 (2453 turns).

runemasterragnar the Magician (Djinni Conjurer)     Turns: 2453, Time: 00:03:48

Health: -2/38      AC:  2    Str:  5 (7)  XL:     5   Next: 25%
Gold:   57         EV: 12    Int: 18 (20) God:    Zin [*.....] SH:  0 Dex: 10 (11)

rFire   + + .      SeeInvis .   k - +0 whip (venom)
rCold   x . .      Faith    .   (no shield)
rNeg    . . .      Spirit   .   a - +0 robe
rPois   ∞          Reflect  .   (no helmet)
rElec   .          Harm     .   (no cloak)
rCorr   .          Rampage  .   (no gloves)
Will    .....                   (boots unavailable)
Stlth   ++........              (no amulet)
HPRegen 0.12/turn               (no ring)
MPRegen 0.00/turn               (no ring)

@: on recite cooldown, flying
A: sickness immunity, fire resistance 2, cold vulnerability 1, float, innate
caster, hp casting, extra vitality 1
a: Renounce Religion, Recite, Donate Gold


You were on level 3 of the Dungeon.
You worshipped Zin.
Zin was aware of your devotion.
You visited 1 branch of the dungeon, and saw 3 of its levels.

You collected 63 gold pieces.
You donated 6 gold pieces to Zin.

Inventory:

Hand Weapons
 k - a +0 whip of venom (weapon)
Missiles
 b - 34 poisoned darts
Armour
 a - a +0 robe (worn)
Scrolls
 d - a scroll of enchant weapon {unknown}
 e - a scroll of blinking {unknown}
 h - 3 scrolls of vulnerability {unknown}
 i - 4 scrolls of identify {unknown}
 j - a scroll of teleportation {unknown}
Potions
 g - a potion of berserk rage {unknown}


   Skills:
 + Level 1.7 Fighting
 + Level 3.0 Dodging
 + Level 2.4 Stealth
 * Level 4.0 Spellcasting


You couldn't memorise any spells.
You knew the following spells:

 Your Spells              Type           Power      Damage    Failure   Level
a - Magic Dart            Conj           72%        1d6       2%          1
b - Searing Ray           Conj           36%        2d5       4%          2
c - Dazzling Flash        Conj/Hex       36%        N/A       9%          3
d - Fulminant Prism       Conj/Hex       9%         3d7       28%         4
e - Iskenderun's Mystic   Conj/Tloc      18%        2d6       28%         4
f - Pain                  Necr           72%        1d7       2%          1
g - Ensorcelled Hibernat  Hex/Ice        36%        N/A       4%          2
Your spell library was empty.

Dungeon Overview and Level Annotations

Branches:
Dungeon (3/15)

Altars:
Zin


Innate Abilities, Weirdness & Mutations

You are immune to sickness and miasma.
You are immune to poison.
Your flesh is very heat resistant. (rF++)
You are vulnerable to cold. (rC-)
You float through the air rather than walking.
You learn spells naturally, not from books.
Your magical power is your life essence.
You have superior vitality. (+4 HP)


Message History

Spell assigned to 'g'.
Casting: Searing Ray (safe; 3% risk of failure)
Confirm with . or Enter, or press ? or * to list all spells.
Okay, then.
The searing ray hits the orc.
The orc is almost dead.
You finish channelling your searing ray.
Unknown command.
Casting: Searing Ray (safe; 3% risk of failure)
Confirm with . or Enter, or press ? or * to list all spells.
Aiming: Searing Ray (safe; 3% risk of failure)
Press: ? - help, Shift-Dir - straight line, f - orc
Aim: an orc, wielding a +0 war axe (almost dead, 78% to hit)
The searing ray hits the orc!
You kill the orc!
The searing ray hits the orc priest.
The orc priest is lightly wounded. (Press . to maintain the ray.)
The searing ray hits the orc priest.
The orc priest is moderately wounded.
The searing ray hits the orc priest.
The orc priest is moderately wounded.
The orc priest invokes the aid of Beogh against you.
Beogh smites you!
The searing ray hits the orc priest.
The orc priest is severely wounded.
You finish channelling your searing ray.
The orc priest calls down the wrath of Beogh upon you.
Beogh smites you!
* * * LOW HITPOINT WARNING * * *
Unknown command.
It was a potion of flight.
You feel more buoyant.
A quokka comes into view.
The orc priest casts a cantrip, but nothing happens.
It was a potion of degeneration.
There was something very wrong with that liquid.
You feel weakened.
You feel dopey.
You feel clumsy.
The orc priest hits you from afar with a +0 trident.
You die...

###.......# ##
..........#############.
..#..............##.....
.......>.†..........####
.#.......#.####..#.# #
#.......#.# #..#.# ♣
#.......#.# ##..#.# ♣
#####.#.#.# #...#.#
#@#.#.###.#.#.#
.....>..#.#.........#
####.##o#<####......# #
#<#.###)###...#
#.#..)).# #...#
#.#####.# #†.## #r#
##.....# #.. ........#
####.##.#


You could see an orc priest and a quokka.

Vanquished Creatures
  An orc priest (D:3)
  An orc wizard (D:3)
  An adder (D:2)
  2 dart slugs (D:1)
  5 orcs (D:3)
  5 bats
  3 endoplasms
  3 giant cockroaches
  3 goblins
  5 hobgoblins
  2 kobolds
  2 quokkas (D:1)
  7 ball pythons
  3 frilled lizards
  2 rats
45 creatures vanquished.

Notes
Turn   | Place    | Note
-------+----------+-------------------------------------------
     0 | D:1      | runemasterragnar the Djinni Conjurer began the quest for
                  | the Orb.
     0 | D:1      | Reached XP level 1. HP: 15/15 MP: 0/0
   334 | D:1      | Reached XP level 2. HP: 15/22 MP: 0/0
  1085 | D:1      | Reached XP level 3. HP: 25/26 MP: 0/0
  1085 | D:1      | Learned a level 1 spell: Pain
  1225 | D:1      | Reached skill level 1 in Fighting
  1846 | D:2      | Found a faded altar of an unknown god.
  1854 | D:2      | Reached XP level 4. HP: 18/32 MP: 0/0
  1858 | D:2      | Became a worshipper of Zin the Law-Giver
  1858 | D:2      | Reached * piety under Zin
  2447 | D:3      | Reached skill level 4 in Spellcasting
  2447 | D:3      | Reached XP level 5. HP: 29/38 MP: 0/0
  2447 | D:3      | Learned a level 2 spell: Ensorcelled Hibernation
  2451 | D:3      | HP: 1/38 [orc priest/divine providence (11)]
  2453 | D:3      | Slain by an orc priest

Illustrated notes

Levels and vault maps discovered:
D:1:      erik_arrival_triangle_medium, layout_basic, minmay_split_cup_large
D:2:      layout_rooms, ebering_ecumenical_altar_mist, minmay_tetromino_s4
D:3:      layout_loops_ring, nicolae_overflow_quartered_altars,
          roderic_serpentine_path, glass_columns_a,
          chequers_serial_rivers_room_a, skrybe_limestone_x,
          uniq_crazy_yiuf_cottage, uniq_terence, uniq_jessica

Skill      XL: |  1  2  3  4 |
---------------+-------------+-----
Fighting       | 1 |  1.7
Stealth        | 2 |  2.4
Dodging        | 3 |  3.0
Spellcasting   | 4 |  4.0

Action                   |  1- 3 |  4- 6 || total
-------------------------+-------+-------++-------
 Cast: Magic Dart        |    73 |    15 ||    88
       Searing Ray       |       |     4 ||     4
Invok: Recite            |       |     2 ||     2
  Use: Potion            |       |     2 ||     2
Armor: Robe              |     4 |       ||     4
Dodge: Dodged            |    12 |     4 ||    16

Table legend: (Time is in decaauts)
 A = Elapsed time spent in this place.
 B = Non-inter-level travel time spent in this place.
 C = Inter-level travel time spent in this place.
 D = Time resting spent in this place.
 E = Time spent auto-exploring this place.
 F = Levels seen in this place.
 G = Mean time per level.
                   A        B        C        D        E       F      G
               +--------+--------+--------+--------+--------+-----+--------+
         Total |   2452 |   2415 |     37 |    446 |   1765 |   3 |  817.3 |
       Dungeon |   2452 |   2415 |     37 |    446 |   1765 |   3 |  817.3 |
               +--------+--------+--------+--------+--------+-----+--------+

Top non-repeatable levels by time:
     D:1: 1683 daAuts
     D:2: 543 daAuts
     D:3: 225 daAuts
